 Dungeon Crawl Stone Soup version 0.19.1 (webtiles) character file.

11823 Cyber the Destroyer (level 11, 0/61 HPs)
             Began as a Gargoyle Wizard on Dec 20, 2016.
             Was an Elder of Vehumet.
             Killed from afar by a fire giant (61 damage)
             ... with a bolt of fire
             ... on level 11 of the Dungeon.
             The game lasted 01:42:02 (17188 turns).

Cyber the Destroyer (Gargoyle Wizard)              Turns: 17188, Time: 01:42:03

Health: 0/61       AC: 12    Str: 10    XL:     11   Next: 83%
Magic:  16/24      EV: 14    Int: 23    God:    Vehumet [****..]
Gold:   720        SH:  0    Dex:  8    Spells: 7 memorised, 9 levels left

rFire  . . .     SeeInvis .     Y - +1 quarterstaff (speed)
rCold  + . .     Gourm    .     B - +1 robe {rC+}
rNeg   + . .     Faith    +     (shield currently unavailable)
rPois  ∞         Spirit   .     C - +1 hat
rElec  +         Reflect  .     (no cloak)
rCorr  .         Harm     .     (no gloves)
MR     .....                    A - +0 pair of boots
Stlth  ++........               G - amulet of faith
                                L - +2 ring of evasion
                                (no ring)

@: starving, repel missiles
A: negative energy resistance 1, electricity resistance, unbreathing,
petrification resistance, rot immunity, AC +7
a: Renounce Religion


You were on level 11 of the Dungeon.
You worshipped Vehumet.
Vehumet was greatly pleased with you.
You were starving.

You visited 1 branch of the dungeon, and saw 11 of its levels.

You collected 720 gold pieces.

Inventory:

Hand Weapons
 W - a +3 flail
 Y - a +1 quarterstaff of speed (weapon)
Armour
 s - a +0 buckler
 A - a +0 pair of boots (worn)
 B - a +1 robe of cold resistance (worn)
 C - a +1 hat (worn)
Jewellery
 l - an uncursed ring of flight
 G - an amulet of faith (around neck)
 L - a +2 ring of evasion (right hand)
 T - an uncursed ring of fire
Wands
 a - a wand of slowing (15/48)
 g - a wand of random effects (13/48)
 m - a wand of random effects (22/48)
 o - a wand of slowing (39/48)
 H - a wand of acid (4/15)
 I - a wand of digging (14/24)
 K - a wand of enslavement (13/24)
 O - a wand of lightning (6/15)
 U - a wand of flame (24/48)
 V - a wand of lightning (4/15)
Scrolls
 i - 2 scrolls of enchant weapon
 k - 6 scrolls of remove curse
 n - 3 scrolls of amnesia
 q - 2 scrolls of fog
 t - a scroll of teleportation
 y - a scroll of recharging
 D - 2 scrolls of magic mapping
 E - 2 scrolls of silence {unknown}
 P - a scroll of brand weapon {unknown}
 Q - 3 scrolls of enchant armour
 R - 3 scrolls of fear
 S - a scroll of summoning {unknown}
 X - a scroll of blinking
Potions
 b - 2 potions of might {unknown}
 e - a potion of haste {unknown}
 h - 4 potions of flight
 p - 2 potions of agility {unknown}
 r - 3 potions of cancellation
 v - 6 potions of brilliance {unknown}
 w - 2 potions of berserk rage {unknown}
 x - 2 potions of magic {unknown}
 z - 3 potions of invisibility {unknown}
 F - 2 potions of heal wounds {unknown}
 J - a potion of degeneration {unknown}
 M - 2 potions of curing
Books
 c - a book of Minor Magic

   Spells                             Type                      Level
   a - Magic Dart                     Conjuration                  1
   b - Blink                          Translocation                2
   c - Call Imp                       Summoning                    2
   d - Repel Missiles                 Charms/Air                   2
   e - Slow                           Hexes                        2
   f - Conjure Flame                  Conjuration/Fire             3
   g - Mephitic Cloud                 Conjuration/Poison/Air       3
 u - a book of Clouds

   Spells                             Type                      Level
   a - Mephitic Cloud                 Conjuration/Poison/Air       3
   b - Conjure Flame                  Conjuration/Fire             3
   c - Poisonous Cloud                Conjuration/Poison/Air       6
   d - Freezing Cloud                 Conjuration/Ice/Air          6
   e - Ring of Flames                 Charms/Fire                  7
Comestibles
 d - 7 bread rations
 f - 4 fruits
 j - 9 meat rations
 N - 2 beef jerkies


   Skills:
 - Level 4.0 Fighting
 + Level 3.2 Staves
 - Level 1.5 Dodging
 - Level 2.1 Stealth
 - Level 7.3 Shields
 + Level 9.5 Spellcasting
 - Level 10.1 Conjurations
   Level 0.8 Summonings
 - Level 0.8 Translocations
 + Level 6.5 Fire Magic
 + Level 5.6 Air Magic


You had 9 spell levels left.
You knew the following spells:

 Your Spells              Type           Power        Failure   Level  Hunger
a - Magic Dart            Conj           ####         1%          1    None
b - Mephitic Cloud        Conj/Pois/Air  #####...     1%          3    None
c - Repel Missiles        Chrm/Air       ###...       2%          2    None
d - Conjure Flame         Conj/Fire      #####...     1%          3    None
e - Blink                 Tloc           N/A          10%         2    None
f - Iskenderun's Mystic   Conj           ######..     1%          4    ##.....
g - Venom Bolt            Conj/Pois      ####......   7%          5    ####...


Dungeon Overview and Level Annotations

Branches:
Dungeon (11/15)            Temple (0/1) D:6            Lair (0/6) D:9
    Orc (0/2) D:10

Altars:
Ashenzari
Cheibriados
Dithmenos
Fedhas
Gozag
Okawaru
Sif Muna
Trog
Uskayaw
Vehumet
Xom
Yredelemnul

Shops:
D:6 *   D:11 (


Innate Abilities, Weirdness & Mutations

You are resistant to torment.
Your stone body is resilient. (AC +7)
You are immune to poison.
You resist negative energy. (rN+)
You are resistant to electric shocks. (rElec)
You can survive without breathing.
You are immune to petrification.
You are immune to rotting.


Message History

Aiming: Venom Bolt
Press: ? - help, Shift-Dir - straight line, f/p - fire giant
Aim: a fire giant, wielding a great sword of flaming (noxious fumes)
The bolt of poison hits the fire giant.
The fire giant is lightly wounded.
You are starving!
The fire giant is engulfed in noxious fumes.
You don't have the energy to cast that spell.
You don't have the energy to cast that spell.
You start eating one of the 7 bread rations.
Keep eating? [Y]es or [N]o only, please.
Keep eating? [Y]es or [N]o only, please.
Keep eating?
You stop eating.
The fire giant casts a spell at you. The bolt of fire hits you!
Ouch! That really hurt!
You die...

#..#####'###.(.........
#......................
#.........##....##...##
#.........#####'#######
#..........'...........
#..####...##...........
#.C######+##[...##...##
#.........##..[.##...##
#.....@.......)........
#..#..#[..##...[.......
###########.....##...##
#.....##...##
####.###...#.
#.##....#. #.......'.
#.......#. #..._...##


You could see a fire giant.

Vanquished Creatures
  2 ettins (D:11)
  A hydra (D:11)
  3 hill giants
  A komodo dragon (D:11)
  A merfolk (D:9)
  A hornet (D:8)
  A two-headed ogre (D:10)
  Grinder (D:6)
  3 hippogriffs
  2 wyverns
  8 yaks (D:10)
  2 hungry ghosts
  2 wargs (D:9)
  A steam dragon (D:9)
  Duvessa (D:6)
  2 water moccasins (D:11)
  4 orc warriors
  A black bear (D:8)
  A phantom (D:4)
  A sky beast (D:9)
  4 ice beasts
  3 centaurs
  4 ogres
  Blork the orc (D:5)
  A big kobold (D:8)
  4 bullfrogs
  A gnoll sergeant (D:7)
  Dowan (D:6)
  3 scorpions
  7 killer bees
  8 wights (D:10)
  A howler monkey (D:7)
  A centaur zombie (D:9)
  A crimson imp (D:7)
  2 quasits
  A bullfrog zombie (D:4)
  A centaur skeleton (D:11)
  2 hounds
  4 jellies
  A bullfrog skeleton (D:10)
  2 orc priests
  12 orc wizards
  6 iguanas
  12 worker ants
  A hound skeleton (D:10)
  A worker ant zombie (D:11)
  2 howler monkey skeletons
  A howler monkey zombie (D:9)
  5 adders
  10 gnolls
  A shadow imp (D:5)
  3 adder zombies
  7 worms
  5 leopard geckos
  35 orcs
  3 giant cockroaches
  11 goblins
  10 hobgoblins
  9 jackals
  2 quokkas (D:3)
  10 bats
  4 frilled lizards
  A jackal zombie (D:8)
  6 kobolds
  13 rats
262 creatures vanquished.

Vanquished Creatures (collateral kills)
  2 killer bees (D:9)
2 creatures vanquished.

Vanquished Creatures (others)
  A hound skeleton (D:11)
1 creature vanquished.

Grand Total: 265 creatures vanquished

Notes
Turn   | Place    | Note
-------+----------+-------------------------------------------
     0 | D:1      | Cyber the Gargoyle Wizard began the quest for the Orb.
     0 | D:1      | Reached XP level 1. HP: 10/10 MP: 4/4
    91 | D:1      | Reached XP level 2. HP: 8/15 MP: 1/6
   103 | D:1      | Reached skill level 2 in Conjurations
   698 | D:1      | Reached XP level 3. HP: 18/19 MP: 5/7
   890 | D:1      | Learned a level 3 spell: Mephitic Cloud
   893 | D:1      | Learned a level 2 spell: Repel Missiles
  1458 | D:2      | Reached skill level 3 in Conjurations
  1968 | D:2      | Reached XP level 4. HP: 15/24 MP: 7/9
  2512 | D:2      | Found a shimmering altar of Xom.
  2608 | D:3      | Found a blossoming altar of Fedhas.
  2724 | D:3      | Found a shadowy altar of Dithmenos.
  2724 | D:3      | Found a deep blue altar of Sif Muna.
  2724 | D:3      | Found a basalt altar of Yredelemnul.
  2724 | D:3      | Found a snail-covered altar of Cheibriados.
  2880 | D:3      | Found a hide-covered altar of Uskayaw.
  2883 | D:3      | Found a radiant altar of Vehumet.
  2896 | D:3      | Became a worshipper of Vehumet
  3120 | D:3      | Learned a level 3 spell: Conjure Flame
  3193 | D:3      | Found a shattered altar of Ashenzari.
  3817 | D:3      | Reached XP level 5. HP: 16/28 MP: 0/11
  3992 | D:4      | Reached skill level 1 in Shields
  4113 | D:4      | Noticed a phantom
  4166 | D:4      | Reached skill level 4 in Conjurations
  4319 | D:4      | Killed a phantom
  4319 | D:4      | Reached XP level 6. HP: 21/32 MP: 0/12
  4876 | D:5      | Entered Level 5 of the Dungeon
  4876 | D:5      | Noticed Blork the orc
  4887 | D:5      | Killed Blork the orc
  4887 | D:5      | Reached skill level 5 in Spellcasting
  4887 | D:5      | Reached skill level 5 in Conjurations
  4887 | D:5      | Reached XP level 7. HP: 36/36 MP: 0/14
  6040 | D:6      | Noticed Grinder
  6051 | D:6      | Killed Grinder
  6051 | D:6      | Reached skill level 6 in Conjurations
  6051 | D:6      | Reached XP level 8. HP: 33/41 MP: 2/16
  6301 | D:5      | Reached * piety under Vehumet
  6301 | D:5      | Offered knowledge of Flame Tongue by Vehumet.
  6600 | D:6      | Found an opulent altar of Gozag.
  6605 | D:6      | Reached skill level 5 in Shields
  6692 | D:6      | Found Akott's Elemental Accessories.
  6693 | D:6      | Noticed Duvessa
  6693 | D:6      | Noticed Dowan
  7184 | D:6      | Found a staircase to the Ecumenical Temple.
  7225 | D:6      | Reached skill level 7 in Conjurations
  7747 | D:6      | Killed Duvessa
  7775 | D:6      | Killed Dowan
  8305 | D:6      | Offered knowledge of Freeze by Vehumet.
  8380 | D:7      | Found a flagged portal.
  8390 | D:7      | Reached ** piety under Vehumet
  8460 | D:7      | Reached XP level 9. HP: 45/45 MP: 5/19
  8869 | D:7      | Learned a level 2 spell: Blink
  9293 | D:7      | Reached skill level 8 in Conjurations
  9442 | D:7      | Offered knowledge of Throw Flame by Vehumet.
  9824 | D:8      | Reached skill level 1 in Fire Magic
  9934 | D:8      | Reached *** piety under Vehumet
  9946 | D:8      | Reached skill level 1 in Air Magic
 10253 | D:8      | Noticed a hornet
 10265 | D:8      | Killed a hornet
 10991 | D:9      | Reached XP level 10. HP: 38/50 MP: 15/21
 11217 | D:9      | Reached skill level 9 in Conjurations
 11844 | D:9      | Offered knowledge of Iskenderun's Mystic Blast by Vehumet.
 12147 | D:9      | Learned a level 4 spell: Iskenderun's Mystic Blast
 12863 | D:9      | Found a staircase to the Lair.
 12891 | D:9      | Found a bloodstained altar of Trog.
 12893 | D:9      | Found a blossoming altar of Fedhas.
 12893 | D:9      | Found an iron altar of Okawaru.
 13064 | D:10     | Entered Level 10 of the Dungeon
 13235 | D:10     | Reached skill level 1 in Fighting
 13460 | D:10     | Found a basalt altar of Yredelemnul.
 13567 | D:10     | Noticed a hill giant
 13593 | D:10     | Killed a hill giant
 13786 | D:10     | Noticed a hill giant
 13791 | D:10     | Killed a hill giant
 13796 | D:10     | Reached skill level 5 in Fire Magic
 13898 | D:10     | Reached XP level 11. HP: 59/59 MP: 12/23
 13922 | D:10     | Reached **** piety under Vehumet
 14041 | D:10     | Offered knowledge of Venom Bolt by Vehumet.
 14129 | D:10     | Reached skill level 10 in Conjurations
 14675 | D:10     | Found a staircase to the Orcish Mines.
 15342 | D:11     | Found a deep blue altar of Sif Muna.
 15480 | D:11     | Found Ruonku's Antique Weapon Boutique.
 15514 | D:11     | Noticed a seven-headed hydra
 15560 | D:11     | HP: 1/61 [seven-headed hydra (8)]
 15563 | D:11     | Killed a seven-headed hydra
 15563 | D:11     | Reached skill level 1 in Staves
 15563 | D:11     | Reached skill level 5 in Air Magic
 16044 | D:11     | Noticed an ettin
 16052 | D:11     | Killed an ettin
 16057 | D:11     | Noticed an ettin
 16375 | D:11     | Noticed a hill giant
 16528 | D:11     | Killed a hill giant
 16611 | D:10     | Learned a level 5 spell: Venom Bolt
 16714 | D:11     | Killed an ettin
 17178 | D:11     | Noticed a fire giant
 17188 | D:11     | Killed from afar by a fire giant

Skill      XL: |  1  2  3  4  5  6  7  8  9 10 11 |
---------------+----------------------------------+-----
Conjurations   | 2 3 4 5 6 7 8 9 10 | 10.1
Spellcasting   | 4 5 6 7 8 9 |  9.5
Shields        | 2 3 4 6 7 |  7.3
Fire Magic     | 2 5 6 |  6.5
Air Magic      | 2 4 5 |  5.6
Fighting       | 2 4 |  4.0
Staves         | 3 |  3.2
Dodging        | |  1.5
Stealth        | |  2.1
Summonings     | |  0.8
Translocations | |  0.8

Action                   |  1- 3 |  4- 6 |  7- 9 | 10-12 || total
-------------------------+-------+-------+-------+-------++-------
Melee: Unarmed           |    31 |       |       |       ||    31
       Club              |   116 |     6 |       |       ||   122
       Flail             |       |    76 |   129 |   169 ||   374
       Quarterstaff      |       |       |       |    50 ||    50
 Cast: Magic Dart        |    53 |   102 |   415 |   275 ||   845
       Mephitic Cloud    |     2 |     9 |    45 |    58 ||   114
       Repel Missiles    |       |     1 |     1 |     2 ||     4
       Conjure Flame     |       |       |    12 |     3 ||    15
       Iskenderun's Myst |       |       |       |    71 ||    71
       Venom Bolt        |       |       |       |     7 ||     7
       Blink             |       |       |       |     6 ||     6
 Abil: Evoke Flight      |       |       |       |     1 ||     1
Evoke: Wand              |       |       |       |     4 ||     4
  Use: Scroll            |       |     7 |    11 |     2 ||    20
 Stab: Sleeping          |     6 |     4 |     1 |       ||    11
       Confused          |     1 |       |     3 |     7 ||    11
  Eat: Chunk             |     3 |     5 |    20 |    19 ||    47
       Fruit             |       |     1 |     1 |     6 ||     8
       Bread ration      |       |     1 |       |       ||     1
Armor: Robe              |    41 |    32 |    97 |   110 ||   280
Dodge: Dodged            |   113 |    75 |   153 |   210 ||   551
       Deflected         |       |     1 |     1 |     2 ||     4
Block: Buckler           |     4 |    15 |    51 |    64 ||   134
